 Dungeon Sprint DCSS version 0.19-a0-1920-g83281cb (webtiles) character file.

42486 LORDOFBUTT the Shatterer (level 13, -13/140 HPs)
             Began as a Minotaur Fighter on Oct 24, 2016.
             Was an Initiate of Gozag.
             Mangled by a white very ugly thing (20 damage)
             ... in the Dungeon (Sprint IX: "|||||||||||||||||||||||||||||").
             The game lasted 00:11:26 (5002 turns).

LORDOFBUTT the Shatterer (Minotaur Fighter)         Turns: 5002, Time: 00:11:28

Health: -13/140    AC: 22    Str: 32    XL:     13   Next: 85%
Magic:  23/24      EV: 25    Int:  5    God:    Gozag
Gold:   11057      SH:  0    Dex: 17    Spells: 0 memorised, 12 levels left

rFire  + + .     SeeInvis .     j - +2 eveningstar of Midwinter {crush, Str+3} (curse)
rCold  + . .     Gourm    .     u - +2 chain mail {rF+}
rNeg   . . .     Faith    .     (no shield)
rPois  +         Spirit   .     (helmet restricted)
rElec  +         Reflect  .     (no cloak)
rCorr  +         Harm     .     y - +1 pair of gloves
MR     .....     NoTele   +     (no boots)
Stlth  ..........               (no amulet)
                                q - +2 ring of evasion
                                b - +2 ring of protection

@: mighty, agile, resistant, gold aura
A: retaliatory headbutt, horns 2
a: Potion Petition, Call Merchant, Bribe Branch, Renounce Religion


You were in the Dungeon.
You worshipped Gozag.
Gozag was extremely pleased with you.
You were not hungry.

You visited 1 branch You collected 13894 gold pieces.
You spent 842 gold pieces at shops.
You paid 1995 gold pieces to Gozag.

Inventory:

Hand Weapons
 j - the cursed +2 eveningstar of Midwinter (weapon) {crush, Str+3}
   (You bought it in a shop in the Dungeon)

   It inflicts extra damage upon your enemies.
   It affects your strength (+3).
   It has a curse placed upon it.
 r - a +2 dire flail of crushing
Armour
 s - a +0 pair of gloves
 u - a +2 chain mail of fire resistance (worn)
 y - a +1 pair of gloves (worn)
Jewellery
 b - a +2 ring of protection (left hand)
 q - a +2 ring of evasion (right hand)
 w - an uncursed ring of protection from fire
 x - an uncursed ring of protection from magic
Wands
 d - a wand of iceblast (0/15)
 o - a wand of lightning (0/15)
 p - a wand of acid (0/15)
Scrolls
 k - a scroll of blinking
 m - 5 scrolls of remove curse
 n - 2 scrolls of amnesia
 t - 2 scrolls of fog
Potions
 c - a potion of cure mutation
 e - 9 potions of curing
 h - a potion of haste
 i - 4 potions of magic
Comestibles
 f - 13 bread rations
 l - 40 fruits
 v - 10 meat rations


   Skills:
 + Level 20.3 Fighting
 - Level 21.4 Maces & Flails
 + Level 20.2 Armour
 + Level 12.8 Dodging
   Level 4.8 Shields
 + Level 16.0 Evocations


You had 12 spell levels left.
You didn't know any spells.

Dungeon Overview and Level Annotations

Branches:
Dungeon (1/1)

Altars:
Cheibriados
Dithmenos
Elyvilon
Fedhas
Gozag
Hepliaklqana
Kikubaaqudgha
Makhleb
Nemelex Xobeh
Okawaru
Qazlal
Ru
Sif Muna
Trog
Uskayaw
Vehumet
Xom
Yredelemnul
Zin
The Shining One
Beogh
Jiyva
Lugonu

Shops:
D }((:([


Innate Abilities, Weirdness & Mutations

You reflexively headbutt those who attack you in melee.
You have a pair of horns on your head.


Message History

Purchase which effect?
You feel protected.
You feel very mighty all of a sudden.
You feel agile all of a sudden.
You bludgeon the purple very ugly thing!!
You kill the purple very ugly thing!
Your Evocations skill increases to level 16!
The white very ugly thing barely misses you.
You see here 81 gold pieces.
You barely miss the white very ugly thing.
You headbutt the white very ugly thing.
The white very ugly thing is lightly wounded.
The white very ugly thing tentacle-slaps you but does no damage.
You closely miss the white very ugly thing.
You headbutt the white very ugly thing!!
The white very ugly thing is lightly wounded.
The white very ugly thing tentacle-slaps you!
* * * LOW HITPOINT WARNING * * *
The white very ugly thing freezes you!! You resist.
You die...
Your body crumbles into a pile of gold.

[[[.))))))))..==.'.........▓
▓▓▓▓▓▓▓▓▓▓▓▓▓▓▓▓▓▓▓▓▓▓▓▓▓▓▓▓
.....).....................▓
▓▓▓▓▓▓▓▓▓▓▓▓▓▓▓▓▓▓▓▓▓▓▓▓▓▓.▓
.'.......))'...............▓
▓▓▓▓▓▓▓▓▓▓▓▓▓▓▓▓▓▓▓▓▓▓▓▓▓▓▓▓
...........................▓
▓▓▓▓▓▓▓▓▓▓▓▓▓▓▓▓▓▓▓▓▓▓▓▓▓▓.▓
cG.D..$cGDQJu@..........▓
▓▓▓▓▓▓▓▓▓▓▓▓▓▓▓▓▓▓▓▓▓▓▓▓▓


You could see a white very ugly thing, an ice dragon, a yaktaur captain, a great
orb of eyes, a slime creature and a tengu warrior.

Vanquished Creatures
  A fire giant (D)
  A ghost moth (D)
  A frost giant (D)
  A very ugly thing (D)
  A stone giant (D)
  An entropy weaver (D)
  A spark wasp (D)
  Harold (D)
  Erolcha (D)
  3 hydras (D)
  A naga warrior (D)
  An ice dragon (D)
  A centaur warrior (D)
  3 catoblepae (D)
  A merfolk aquamancer (D)
  An anaconda (D)
  2 alligators (D)
  An orc high priest (D)
  2 deep troll earth magi (D)
  4 death yaks (D)
  Urug (D)
  Nergalle (D)
  Sonja (D)
  A sea snake (D)
  A naga ritualist (D)
  A swamp dragon (D)
  2 hill giants (D)
  A harpy (D)
  An oklob plant (D)
  2 wolf spiders (D)
  6 orc sorcerers (D)
  2 ugly things (D)
  A manticore (D)
  A moth of wrath (D)
  Maurice (D)
  2 naga magi (D)
  5 spiny frogs (D)
  4 black mambas (D)
  A komodo dragon (D)
  2 demonic crawlers (D)
  A tengu conjurer (D)
  A merfolk (D)
  A polar bear (D)
  A jumping spider (D)
  A wind drake (D)
  A blink frog (D)
  A slime creature (D)
  A tyrant leech (D)
  A hornet (D)
  2 snapping turtles (D)
  2 hippogriffs (D)
  2 redbacks (D)
  A yak (D)
  A hog (shapeshifter) (D)
  Grum (D)
  A naga (D)
  An insubstantial wisp (D)
  A water moccasin (D)
  3 porcupines (D)
  A swamp drake (D)
  A black bear (D)
  12 orc warriors (D)
  A sky beast (D)
  3 wolves (D)
  3 centaurs (D)
  A crocodile (D)
  A bullfrog (D)
  2 wights (D)
  A crimson imp (D)
  3 orc priests (D)
  A hound (D)
  9 orc wizards (D)
  An adder (D)
  A worm (D)
  7 orcs (D)
  2 goblins (D)
  2 hobgoblins (D)
  2 jackals (D)
  A frilled lizard (D)
  A giant cockroach zombie (D)
  A quokka skeleton (D)
  A quokka zombie (D)
  A rat (D)
149 creatures vanquished.

Vanquished Creatures (others)
  A spriggan druid (D)
  A spiny frog (D)
2 creatures vanquished.

Grand Total: 151 creatures vanquished

Notes
Turn   | Place    | Note
-------+----------+-------------------------------------------
     0 | D        | LORDOFBUTT the Minotaur Fighter began the quest for the Orb.
     0 | D        | Reached XP level 1. HP: 19/19 MP: 0/0
    23 | D        | Reached XP level 2. HP: 27/28 MP: 1/1
    28 | D        | Reached skill level 5 in Fighting
    31 | D        | Reached skill level 3 in Maces & Flails
    31 | D        | Reached skill level 5 in Armour
    40 | D        | Found a roughly hewn altar of Beogh.
    40 | D        | Found a snail-covered altar of Cheibriados.
    40 | D        | Found a shadowy altar of Dithmenos.
    40 | D        | Found a white marble altar of Elyvilon.
    40 | D        | Found a blossoming altar of Fedhas.
    40 | D        | Found an opulent altar of Gozag.
    41 | D        | Found a hazy altar of Hepliaklqana.
    42 | D        | Found a viscous altar of Jiyva.
    43 | D        | Found an ancient bone altar of Kikubaaqudgha.
    44 | D        | Found a corrupted altar of Lugonu.
    45 | D        | Found a burning altar of Makhleb.
    46 | D        | Found a sparkling altar of Nemelex Xobeh.
    47 | D        | Found an iron altar of Okawaru.
    48 | D        | Found a stormy altar of Qazlal.
    50 | D        | Became a worshipper of Gozag Ym Sagoz the Greedy
    52 | D        | Found a sacrificial altar of Ru.
    53 | D        | Found a deep blue altar of Sif Muna.
    54 | D        | Found a bloodstained altar of Trog.
    55 | D        | Found a hide-covered altar of Uskayaw.
    56 | D        | Found a radiant altar of Vehumet.
    57 | D        | Found a shimmering altar of Xom.
    58 | D        | Found a basalt altar of Yredelemnul.
    59 | D        | Found a glowing silver altar of Zin.
    60 | D        | Found a glowing golden altar of the Shining One.
   126 | D        | Noticed a sky beast
   126 | D        | Noticed a crimson imp
   126 | D        | Noticed a wight
   126 | D        | Noticed a wight
   128 | D        | Killed a wight
   128 | D        | Reached skill level 5 in Maces & Flails
   128 | D        | Reached skill level 1 in Evocations
   128 | D        | Reached XP level 3. HP: 32/37 MP: 1/3
   133 | D        | Reached skill level 6 in Maces & Flails
   133 | D        | Reached XP level 4. HP: 35/45 MP: 1/4
   135 | D        | Reached skill level 7 in Maces & Flails
   135 | D        | Reached XP level 5. HP: 40/52 MP: 1/6
   157 | D        | Killed a sky beast
   157 | D        | Reached skill level 8 in Maces & Flails
   161 | D        | Reached skill level 9 in Maces & Flails
   278 | D        | Noticed a centaur
   278 | D        | Noticed a black bear
   278 | D        | Noticed a hog
   278 | D        | Noticed a hippogriff
   278 | D        | Noticed a tengu conjurer
   278 | D        | Noticed a hill giant
   285 | D        | Killed a hill giant
   285 | D        | Reached skill level 11 in Maces & Flails
   285 | D        | Reached XP level 6. HP: 17/66 MP: 7/9
   285 | D        | Reached XP level 7. HP: 18/71 MP: 7/10
   291 | D        | Killed a tengu conjurer
   291 | D        | Reached skill level 10 in Fighting
   291 | D        | Reached skill level 12 in Maces & Flails
   291 | D        | Reached skill level 10 in Armour
   293 | D        | Killed a hippogriff
   293 | D        | Reached XP level 8. HP: 14/80 MP: 7/12
   295 | D        | Reached skill level 13 in Maces & Flails
   644 | D        | Noticed Grum
   653 | D        | Killed Grum
   653 | D        | Reached skill level 14 in Maces & Flails
   750 | D        | Noticed a spiny frog
   750 | D        | Noticed a spiny frog
   750 | D        | Noticed a black mamba
   750 | D        | Noticed a spiny frog
   755 | D        | Killed a spiny frog
   755 | D        | Reached XP level 9. HP: 73/89 MP: 12/14
   757 | D        | Noticed a komodo dragon
   759 | D        | Killed a black mamba
   759 | D        | Reached skill level 15 in Maces & Flails
   763 | D        | Killed a spiny frog
   768 | D        | Killed a spiny frog
   775 | D        | Killed a komodo dragon
   775 | D        | Reached skill level 16 in Maces & Flails
   785 | D        | Noticed a seven-headed hydra
   794 | D        | Killed a seven-headed hydra
   794 | D        | Reached XP level 10. HP: 36/101 MP: 14/16
  1040 | D        | Noticed a spiny frog
  1040 | D        | Noticed a spiny frog
  1046 | D        | Killed a spiny frog
  1046 | D        | Reached skill level 17 in Maces & Flails
  1052 | D        | Killed a spiny frog
  1052 | D        | Reached skill level 10 in Evocations
  1061 | D        | Noticed an oklob plant
  1092 | D        | Killed an oklob plant
  1097 | D        | Noticed a death yak
  1097 | D        | Noticed a catoblepas
  1097 | D        | Noticed a catoblepas
  1097 | D        | Noticed a death yak
  1097 | D        | Noticed a death yak
  1103 | D        | Killed a death yak
  1103 | D        | Reached skill level 18 in Maces & Flails
  1104 | D        | Noticed a death yak
  1104 | D        | Killed a catoblepas
  1109 | D        | Killed a death yak
  1109 | D        | Reached XP level 11. HP: 59/111 MP: 16/18
  1110 | D        | Noticed a catoblepas
  1112 | D        | Killed a catoblepas
  1112 | D        | Reached skill level 19 in Maces & Flails
  1115 | D        | Killed a death yak
  1121 | D        | Killed a death yak
  1121 | D        | Reached skill level 15 in Fighting
  1125 | D        | Killed a catoblepas
  1125 | D        | Reached skill level 15 in Armour
  1353 | D        | Noticed Sonja
  1362 | D        | Killed Sonja
  1625 | D        | Noticed Urug
  1639 | D        | Killed Urug
  1639 | D        | Reached skill level 20 in Maces & Flails
  2000 | D        | Bought a +2 chain mail of fire resistance for 322 gold pieces
  2029 | D        | Noticed an orc high priest
  2029 | D        | Noticed an orc sorcerer
  2034 | D        | Killed an orc sorcerer
  2041 | D        | Killed an orc high priest
  2399 | D        | Found Zaamubil's Book Boutique.
  2399 | D        | Noticed an orc sorcerer
  2404 | D        | Noticed an orc sorcerer
  2414 | D        | Noticed a soul eater
  2414 | D        | Killed an orc sorcerer
  2425 | D        | Noticed an orc sorcerer
  2431 | D        | Found Keung's Weapon Shop.
  2436 | D        | Killed an orc sorcerer
  2444 | D        | Noticed an orc sorcerer
  2444 | D        | HP: 4/114 [smoke demon/divine providence[an orc sorcerer] (16)]
  2449 | D        | HP: 4/114 [poisoned by an orc sorcerer]
  2833 | D        | Noticed a soul eater
  2848 | D        | Killed an orc sorcerer
  2848 | D        | Reached skill level 21 in Maces & Flails
  3004 | D        | Killed an orc sorcerer
  3004 | D        | Reached XP level 12. HP: 108/122 MP: 20/20
  3116 | D        | Found Hefaag's Antique Weapon Boutique.
  3120 | D        | Found Momidd's Gadget Shop.
  3129 | D        | Bought a translucent eveningstar for 520 gold pieces
  3129 | D        | Identified the cursed +2 eveningstar of Midwinter {crush, Str+3} (You bought it in a shop in the Dungeon)
  3180 | D        | Noticed Harold
  3212 | D        | Killed Harold
  3242 | D        | Noticed Maurice
  3248 | D        | Killed Maurice
  3248 | D        | Reached skill level 1 in Dodging
  3353 | D        | Noticed a five-headed hydra
  3361 | D        | Noticed a frost giant
  3363 | D        | Killed a five-headed hydra
  3364 | D        | Noticed a fire giant
  3369 | D        | Noticed a centaur warrior
  3370 | D        | Noticed a deep troll earth mage
  3380 | D        | Killed a frost giant
  3380 | D        | Reached skill level 5 in Dodging
  3382 | D        | Noticed an ice dragon
  3390 | D        | Killed a fire giant
  3393 | D        | Noticed a stone giant
  3394 | D        | Killed a centaur warrior
  3395 | D        | Noticed a deep troll earth mage
  3401 | D        | Killed a deep troll earth mage
  3404 | D        | Killed an ice dragon
  3404 | D        | Killed a stone giant
  3404 | D        | Killed a deep troll earth mage
  3943 | D        | Noticed Nergalle
  3954 | D        | Killed Nergalle
  3959 | D        | Noticed Erolcha
  3968 | D        | Killed Erolcha
  4007 | D        | Noticed a merfolk aquamancer
  4010 | D        | Reached XP level 13. HP: 120/135 MP: 22/22
  4052 | D        | Noticed an entropy weaver
  4065 | D        | Killed an entropy weaver
  4065 | D        | Reached skill level 10 in Dodging
  4077 | D        | Killed a ghost moth
  4079 | D        | Reached skill level 15 in Evocations
  4969 | D        | Noticed a cyan very ugly thing
  4969 | D        | Noticed a spark wasp
  4974 | D        | Noticed a white very ugly thing
  4980 | D        | Killed a spark wasp
  4999 | D        | Killed a purple very ugly thing
  5002 | D        | HP: 7/140 [white very ugly thing (12)]
  5002 | D        | Mangled by a white very ugly thing

Vault maps used:
D:        linesprint

Skill      XL: |  1  2  3  4  5  6  7  8  9 10 11 12 13 |
---------------+----------------------------------------+-----
Fighting       | 4 6 7 9 10 11 13 14 16 18 20 | 20.3
Shields        | 4 |  4.8
Armour         | 4 5 6 9 10 11 13 14 16 18 20 | 20.2
Maces & Flails | 5 6 7 11 12 14 16 18 21 | 21.4
Evocations     | 1 2 3 6 8 9 10 12 14 16 | 16.0
Dodging        | 8 12 | 12.8

Action                   |  1- 3 |  4- 6 |  7- 9 | 10-12 | 13-15 || total
-------------------------+-------+-------+-------+-------+-------++-------
Melee: Flail             |    23 |       |       |       |       ||    23
       Headbutt          |     5 |     3 |    18 |    60 |    26 ||   112
       Dire flail        |     7 |    33 |    56 |   163 |       ||   259
       Eveningstar       |       |       |       |    54 |   116 ||   170
Invok: Call Merchant     |       |       |       |     2 |       ||     2
       Potion Petition   |       |       |       |       |     2 ||     2
Evoke: Wand              |       |       |       |    27 |    10 ||    37
  Use: Potion            |       |     1 |     1 |     7 |     2 ||    11
       Scroll            |       |       |       |     4 |     2 ||     6
 Stab: Distracted        |       |       |     1 |     2 |     2 ||     5
       Invisible         |       |       |       |     2 |       ||     2
       Confused          |       |       |       |       |     3 ||     3
  Eat: Bread ration      |       |       |       |     1 |       ||     1
       Meat ration       |       |       |       |     2 |       ||     2
Armor: Scale mail        |    15 |       |       |       |       ||    15
       Ring mail         |     1 |     9 |    24 |    19 |       ||    53
       Chain mail        |       |       |       |    37 |    38 ||    75
Dodge: Dodged            |     4 |    11 |    25 |    76 |    67 ||   183
Block: Shield            |     8 |       |       |       |       ||     8
